 Dungeon Crawl Stone Soup version 0.29.1-1-gd02db6906a (webtiles) character file.

Game seed: 15042247881710812254

37 GigaChad the Trooper (level 3, -2/24 HPs)
             Began as a Kobold Fighter on Oct 4, 2022.
             Slain by Natasha (8 damage)
             ... on level 2 of the Dungeon.
             The game lasted 00:01:51 (1971 turns).

GigaChad the Trooper (Kobold Fighter)               Turns: 1971, Time: 00:01:52

Health: -2/24      AC:  6    Str: 15    XL:     3   Next: 62%
Magic:  3/3        EV: 10    Int:  9    God:
Gold:   86         SH:  5    Dex: 14    Spells: 2/2 levels left

rFire   . . .      SeeInvis .   a - +0 long sword
rCold   . . .      Faith    .   c - +0 buckler
rNeg    . . .      Spirit   .   b - +0 scale mail
rPois   .          Reflect  .   (no helmet)
rElec   .          Harm     .   (no cloak)
rCorr   .          Rampage  .   (no gloves)
Will    .....                   (no boots)
Stlth   +.........              (no amulet)
HPRegen 0.08/turn               (no ring)
MPRegen 0.08/turn               (no ring)

@: no status effects
A: small, no large weapons, nightstalker 3
a: no special abilities


You were on level 2 of the Dungeon.
You visited 1 branch of the dungeon, and saw 2 of its levels.

You collected 86 gold pieces.

Inventory:

Hand Weapons
 a - a +0 long sword (weapon)
Armour
 b - a +0 scale mail (worn)
 c - a +0 buckler (worn)
Jewellery
 i - a ring of resist corrosion
Wands
 k - a wand of charming (1)
Scrolls
 e - 3 scrolls of identify {unknown}
 g - 4 scrolls of teleportation {unknown}
 h - a scroll of enchant weapon {unknown}
Potions
 d - a potion of might
 f - a potion of curing {unknown}
 j - a potion of brilliance {unknown}
 l - a potion of invisibility {unknown}
 m - a potion of degeneration {unknown}


   Skills:
 + Level 4.6 Fighting
 - Level 1.6 Long Blades
 - Level 2.5 Armour
 - Level 2.5 Shields


You had 2 spell levels left.
You didn't know any spells.
Your spell library was empty.

Dungeon Overview and Level Annotations

Branches:
Dungeon (2/15)

Altars:

Annotations:
D:2 Natasha


Innate Abilities, Weirdness & Mutations

You are small and have problems with some larger weapons.
You are completely attuned to the shadows.


Message History

Found a blue potion.
The adder barely misses you.
You closely miss the adder. The adder closely misses you.
You barely miss the adder. The adder bites you. You block the adder's attack.
You closely miss the adder. The adder bites you. You block the adder's attack.
You hit the adder.
The adder is heavily wounded.
The adder bites you but does no damage. The adder barely misses you.
You hit the adder.
You kill the adder!
You see here an adder corpse.
l - a blue potion
m - a cyan potion You open the door.
There is an open door here.
Natasha, Servant of Life and Death comes into view.
Natasha hisses angrily.
Natasha wildly gestures.
Natasha glows brightly for a moment.
Natasha extends her claws.
Natasha is nearby!
Natasha is nearby!
Natasha barely misses you. Natasha claws you.
You barely miss Natasha.
Natasha wildly gestures.
Natasha shimmers violently.
Natasha claws you but does no damage.
You miss Natasha. Natasha claws you but does no damage.
You barely miss Natasha. Natasha completely misses you. Natasha claws you!
You hit Natasha.
Natasha is moderately wounded.
Natasha casts a spell at you. The magic dart hits you!
You hit Natasha.
Natasha is severely wounded.
Natasha claws you.
* * * LOW HITPOINT WARNING * * *
You miss Natasha.
Natasha is severely wounded.
Natasha barely misses you. Natasha claws you!
You die...

#.......#
#.......# ###
#.......# #..
#...h...# #.#
#...@...# #.#
#.......# #.#
#.......# #.#
#####'### #†# #.#
#.# #.# #.# #.#
#.#
#.#############.#
#...............#


You could see Natasha.

Vanquished Creatures
  An adder (D:2)
  A worm (D:2)
  2 bats
  4 endoplasms
  3 goblins (D:1)
  4 hobgoblins
  A quokka (D:2)
  A ball python (D:1)
  A frilled lizard (D:1)
  2 kobolds (D:1)
  3 rats
23 creatures vanquished.

Notes
Turn   | Place    | Note
-------+----------+-------------------------------------------
     0 | D:1      | GigaChad the Kobold Fighter began the quest for the Orb.
     0 | D:1      | Reached XP level 1. HP: 14/14 MP: 1/1
   189 | D:1      | Reached XP level 2. HP: 13/19 MP: 2/2
   737 | D:1      | Reached skill level 4 in Fighting
  1082 | D:2      | Reached XP level 3. HP: 22/24 MP: 3/3
  1962 | D:2      | Noticed Natasha
  1971 | D:2      | Slain by Natasha

Illustrated notes

Levels and vault maps discovered:
D:1:      lemuel_arrival_room, layout_basic, hex_medium,
          minmay_misc_feat_diagonals
D:2:      minmay_diamond_boxcup, layout_basic, serial_park_tiny_1, uniq_natasha

Skill      XL: |  1  2 |
---------------+-------+-----
Fighting       | 4 |  4.6
Long Blades    | |  1.6
Armour         | |  2.5
Shields        | |  2.5

Action                   || total
-------------------------++-------
Melee: Long sword        ||    71
  Use: Scroll            ||     1
Armor: Scale mail        ||    55
Dodge: Dodged            ||    62
Block: Buckler           ||    31
